 Dungeon Crawl Stone Soup version 0.31-a0-222-gefeffbb62a (webtiles) character file.

Game seed: 16041091405696487329

63 olmar the Magician (level 3, 0/19 HPs)
             Began as a Deep Elf Hedge Wizard on July 5, 2023.
             Slain by a gnoll
             ... wielding a +0 flail
              (4 damage)
             ... on level 2 of the Dungeon.
             The game lasted 00:02:05 (1395 turns).

olmar the Magician (Deep Elf Hedge Wizard)          Turns: 1395, Time: 00:02:05

Health: 0/19       AC:  3    Str:  4 (7)  XL:     3   Next: 89%
Magic:  1/12       EV: 12    Int: 17 (20) God:
Gold:   44         SH:  0    Dex: 13 (14) Spells: 7/13 levels left

rFire   . . .        a - +0 dagger
rCold   + . .        (no shield)
rNeg    . . .        j - +1 robe {rC+}
rPois   .            c - +0 hat
rElec   .            (no cloak)
rCorr   .            (no gloves)
SInv    .            (no boots)
Will    .....        (no amulet)
Stlth   ++           (no ring)
HPRegen 0.23/turn    (no ring)
MPRegen 0.13/turn

%: no passive effects
@: mighty, attractive
A: no striking features
a: no special abilities


You were on level 2 of the Dungeon.
You visited 1 branch of the dungeon, and saw 2 of its levels.

You collected 44 gold pieces.

Inventory:

Hand Weapons
 a - a +0 dagger (weapon)
Armour
 b - a +0 robe
 c - a +0 hat (worn)
 j - a +1 robe of cold resistance (worn)
Scrolls
 e - 3 scrolls of identify
 i - a scroll of revelation
 k - a scroll of silence {unknown}
 l - a scroll of blinking {unknown}
Potions
 d - a potion of magic
 g - a potion of attraction


   Skills:
 + Level 2.6 Dodging
 + Level 3.0 Stealth
 + Level 5.9 Spellcasting
 + Level 2.0 Conjurations
 + Level 1.1 Summonings
 + Level 1.1 Translocations


You had 7 spell levels left.
You knew the following spells:

 Your Spells              Type           Power      Damage    Failure   Level
a - Magic Dart            Conj           44%        1d5       5%          1
b - Blink                 Tloc           16%        N/A       12%         2
c - Call Imp              Summ           16%        N/A       12%         2
d - Slow                  Hex            20%        N/A       13%         1

Your spell library contained the following spells:

 Spells                   Type           Power      Damage    Failure   Level
 Cigotuvi's Dreadful Rot  Necr/Pois/Air  10%        N/A       21%         2
 Mephitic Cloud           Conj/Pois/Air  7%         N/A       30%         3


Dungeon Overview and Level Annotations

Branches:
Dungeon (2/15)

Altars:


Message History

Unknown command.
Unknown command.
Casting: Slow (safe; 11% risk of failure)
Confirm with . or Enter, or press ? or * to list all spells.
Aiming: Slow (safe; 11% risk of failure)
Press: ? - help, Shift-Dir - straight line, f/p - gnoll
Aim: a gnoll, wielding a +0 flail (lightly wounded, ally target, chance to affect: 48%)
The gnoll resists with some effort.
The gnoll hits you from afar with a +0 spear.
The gnoll barely misses you.
Your cerulean imp closely misses the gnoll.
Casting: Slow (safe; 11% risk of failure)
Confirm with . or Enter, or press ? or * to list all spells.
Aiming: Slow (safe; 11% risk of failure)
Press: ? - help, Shift-Dir - straight line, f/p - gnoll
Aim: a gnoll, wielding a +0 flail (lightly wounded, ally target, chance to affect: 48%)
The gnoll resists with some effort.
The gnoll barely misses you.
The gnoll hits you from afar with a +0 spear.
Your cerulean imp hits the gnoll from afar with a -3 spear.
The gnoll attacks as you move away! The gnoll hits you with a +0 flail.
* * * LOW HITPOINT WARNING * * *
Your cerulean imp completely misses the gnoll.
It was a potion of might.
You feel very mighty all of a sudden. The gnoll closely misses you.
It was a potion of attraction.
You feel attractive to monsters. The gnoll barely misses you.
The gnoll closely misses you.
Your cerulean imp closely misses the gnoll.
It was a potion of degeneration.
There was something very wrong with that liquid.
You feel weakened.
You feel dopey.
You feel clumsy. The gnoll closely misses you. The gnoll barely misses you.
Your cerulean imp hits the gnoll but does no damage.
Unknown command.
As you read the scroll labelled ZATYN CYLUODARUUT, it crumbles to dust.
It is a scroll of identify.
i - a scroll of revelation The gnoll hits you with a +0 flail.
You die...

#.# ##.## ####..
#.#### ##.#.###
.....# #.g..#
#.###..# ####..
####.#####.#.#.#
#.....
#.......))..#
#.###.
########.##5# #.#
#. ........##g# #.#
##
##########g######.#
#.#
#.@......#####.####
#†######..........#
#.# #...........
#†# #######.##..
#†############.####
#..............#
################


You could see 2 gnolls and a friendly cerulean imp (summoned).

Vanquished Creatures
  2 gnolls (D:2)
  An adder (D:2)
  A dart slug (D:1)
  5 ball pythons
  3 bats
  An endoplasm (D:1)
  2 giant cockroaches (D:1)
  4 goblins (D:1)
  2 jackals (D:2)
  3 quokkas (D:1)
  3 frilled lizards
  2 kobolds (D:1)
  3 rats
32 creatures vanquished.

Notes
Turn   | Place    | Note
-------+----------+-------------------------------------------
     0 | D:1      | olmar the Deep Elf Hedge Wizard began the quest for the
                  | Orb.
     0 | D:1      | Reached XP level 1. HP: 10/10 MP: 7/7
   189 | D:1      | Reached skill level 5 in Spellcasting
   190 | D:1      | Reached XP level 2. HP: 15/15 MP: 6/10
   460 | D:1      | Learned a level 2 spell: Blink
   463 | D:1      | Learned a level 2 spell: Call Imp
   465 | D:1      | Learned a level 1 spell: Slow
  1096 | D:2      | Reached XP level 3. HP: 19/19 MP: 3/12
  1395 | D:2      | Slain by a gnoll

Illustrated notes

Levels and vault maps discovered:
D:1:      giann_forest_graveyard, layout_rooms, nicolae_houndstooth_variations
D:2:      layout_loops_ring, minmay_pentomino_q4

Skill      XL: |  1  2  3 |
---------------+----------+-----
Spellcasting   | 5 |  5.9
Stealth        | 3 |  3.0
Conjurations   | 2 |  2.0
Dodging        | |  2.6
Summonings     | |  1.1
Translocations | |  1.1

Action                     || total
---------------------------++-------
  Melee: Dagger            ||     2
   Cast: Magic Dart        ||    81
         Slow              ||     3
         Call Imp          ||     2
    Use: Potion            ||     3
         Scroll            ||     1
 Armour: Robe              ||     4
  Dodge: Dodged            ||    20

Table legend: (Time is in decaauts)
 A = Elapsed time spent in this place.
 B = Non-inter-level travel time spent in this place.
 C = Inter-level travel time spent in this place.
 D = Time resting spent in this place.
 E = Time spent auto-exploring this place.
 F = Levels seen in this place.
 G = Mean time per level.
                   A        B        C        D        E       F      G
               +--------+--------+--------+--------+--------+-----+--------+
         Total |   1395 |   1341 |     54 |     73 |   1056 |   2 |  697.5 |
       Dungeon |   1395 |   1341 |     54 |     73 |   1056 |   2 |  697.5 |
               +--------+--------+--------+--------+--------+-----+--------+

Top non-repeatable levels by time:
     D:1: 1038 daAuts
     D:2: 356 daAuts
